 Dungeon Crawl Stone Soup version 0.31-a0-303-gdc8c9485ea (webtiles) character file.

Game seed: 16174121033264880797

1823 LeprechaunX the Changeling (level 9, -2/61 HPs)
             Began as an Octopode Shapeshifter on July 16, 2023.
             Was an Initiate of Gozag.
             Slain by an orc
             ... wielding a +0 dagger
              (3 damage)
             ... on level 7 of the Dungeon.
             The game lasted 00:12:05 (5730 turns).

LeprechaunX the Changeling (Octopode Shapeshifter)  Turns: 5730, Time: 00:12:06

Health: -2/61      AC:  1    Str: 16    XL:     9   Next: 10%
Magic:  9/9        EV: 13    Int: 10    God:    Gozag
Gold:   700        SH:  0    Dex: 15    Spells: 8/8 levels left

rFire   . . .        i - +3 spear
rCold   + . .        (no shield)
rNeg    . . .        z - melded +0 hat
rPois   .            (no amulet)
rElec   .            k - ring of protection from cold
rCorr   .            (no ring)
SInv    .            (no ring)
Will    .....        (no ring)
Stlth   ++           (no ring)
HPRegen 0.30/turn    (no ring)
MPRegen 0.11/turn    (no ring)
                     (no ring)

%: no passive effects
@: beast-form, gold aura
A: beast (slay +4), almost no armour, amphibious, 8 rings, camouflage 1,
gelatinous body 1, (nimble swimmer 1), tentacles
a: Begin Untransformation, Renounce Religion, Potion Petition, Call Merchant,
Bribe Branch


You were on level 7 of the Dungeon.
You worshipped Gozag.
Gozag was pleased with you.
You were a hulking beast.
You visited 1 branch of the dungeon, and saw 7 of its levels.

You collected 771 gold pieces.
You paid 71 gold pieces to Gozag.

Inventory:

Hand Weapons
 i - a +3 spear (weapon)
 x - a +2 great sword of flaming
Missiles
 d - 2 throwing nets
 t - 4 atropa-tipped darts (quivered)
Armour
 z - a +0 hat (melded)
Jewellery
 k - a ring of protection from cold (left tentacle)
Talismans
 b - a beast talisman
 F - a maw talisman
Wands
 v - a wand of polymorph (22)
 C - a wand of iceblast (10)
Scrolls
 c - 3 scrolls of fog {unknown}
 e - a scroll of enchant armour {unknown}
 g - a scroll of identify {unknown}
 h - 2 scrolls of immolation {unknown}
 m - a scroll of enchant weapon {unknown}
 n - 3 scrolls of teleportation {unknown}
 p - a scroll of fear {unknown}
 r - 3 scrolls of vulnerability {unknown}
 y - a scroll of amnesia {unknown}
 A - a scroll of poison {unknown}
 E - 2 scrolls of revelation {unknown}
 G - a scroll of brand weapon {unknown}
Potions
 a - 2 potions of lignification
 f - 3 potions of resistance {unknown}
 j - 2 potions of brilliance {unknown}
 l - a potion of degeneration {unknown}
 o - 2 potions of mutation {unknown}
 q - a potion of might {unknown}
 s - 2 potions of attraction {unknown}
 u - 3 potions of haste {unknown}
 w - 2 potions of curing {unknown}
 B - a potion of berserk rage {unknown}
 D - a potion of invisibility {unknown}
 H - a potion of heal wounds {unknown}


   Skills:
 + Level 5.5 Fighting
 - Level 4.0 Polearms
 - Level 2.0 Dodging
 + Level 5.8 Unarmed Combat
 * Level 6.9 Shapeshifting


You had 8 spell levels left.
You didn't know any spells.
Your spell library contained the following spells:

 Spells                   Type           Power      Damage    Failure   Level
 Scorch                   Fire           0%         2d5       50%         2
 Frozen Ramparts          Ice            0%         1d1       75%         3
 Flame Wave               Conj/Fire      0%         2d4       98%         4
 Petrify                  Tmut/Erth      0%         N/A       98%         4
 Iskenderun's Battlesphe  Conj           0%         2d6       100%        5
 Metabolic Englaciation   Hex/Ice        0%         N/A       100%        5
 Leda's Unmaking          Conj/Erth      0%         9d1       100%        6
 Summon Cactus Giant      Summ           0%         N/A       100%        6
 Spellforged Servitor     Conj/Summ      0%         N/A       100%        7


Dungeon Overview and Level Annotations

Branches:
Dungeon (7/15)             Temple (0/1) D:7

Altars:
Gozag
Nemelex Xobeh
The Shining One


Innate Abilities, Weirdness & Mutations

You are a hulking beast.
Your limbs bulge with bestial killing power. (Slay +4)
You cannot wear most types of armour.
You are amphibious.
You can wear up to eight rings at the same time.
Your skin changes colour to match your surroundings (Stealth+).
Your rubbery body absorbs attacks. (AC +1, EV +1)
((You are camouflaged when in or above water. (Stealth+)))
You have tentacles for arms and can constrict up to eight enemies at once.


Message History

You constrict the orc wizard.
You kill the orc wizard!
The orc warrior unwields a +0 sling.
The orc warrior wields a +0 dire flail.
The orc warrior hits you with a +0 dire flail!
* * * LOW HITPOINT WARNING * * *
You hit the orc warrior. You grab the orc warrior.
The orc warrior is lightly wounded.
You constrict the orc warrior, but do no damage.
You hit the orc warrior but do no damage.
The orc warrior is lightly wounded.
You constrict the orc warrior.
The butterfly is distracted by your dazzling golden aura.
The orc warrior barely misses you.
You hit the orc warrior but do no damage.
The orc warrior is lightly wounded.
You constrict the orc warrior.
The orc warrior is distracted by your dazzling golden aura.
You barely miss the orc warrior.
The orc warrior is no longer distracted by gold.
The orc warrior shouts!
The orc warrior is moderately wounded.
You constrict the orc warrior.
The orc warrior hits you with a +0 dire flail!
* * * LOW HITPOINT WARNING * * *
You hit the orc warrior but do no damage.
The orc warrior is moderately wounded.
You constrict the orc warrior, but do no damage.
The orc warrior closely misses you.
You hit the orc warrior.
The orc warrior is heavily wounded.
You constrict the orc warrior, but do no damage.
The butterfly is no longer distracted by gold.
The orc warrior hits you with a +0 dire flail.
* * * LOW HITPOINT WARNING * * *
You barely miss the orc. You grab the orc. You squeeze the orc.
The orc is heavily wounded.
You constrict the orc warrior. You constrict the orc.
The orc hits you with a +0 dagger.
You die...
Your body crumbles into a pile of gold.

......#♣.♣#.....#####)....#
#... ###...#...#.....#
##..#+####...
#<..#♣.♣#.....#
#......##(#+
#...#...#.(...#
#.>.....#.#.
#...#♣.♣#.....##
#.........#.
#...##.##......#
#......#..#.
######.####....#
##.....##.#. #.........#
#.....##.#. ##......$h#
#.....##>..
#......oo###############.
#................ #.
#............o... #.
#..........b...o. #.
#................ .#####.
#................ .......
.....###.......b .......
##### #........ .......


You could see an orc warrior and an orc.

Vanquished Creatures
  Sigmund (D:2)
  2 black bears
  A centaur (D:7)
  3 ogres
  2 phantoms
  2 scorpions (D:6)
  3 wights (D:6)
  2 jellies
  An orc priest (D:6)
  A gnoll bouda (D:6)
  5 hounds
  2 sleepcaps
  2 iguanas
  Ijyb (D:4)
  5 orc wizards
  4 gnolls (D:6)
  5 adders
  A white imp (D:6)
  A worm (D:2)
  4 dart slugs
  19 orcs
  8 ball pythons
  5 bats
  5 endoplasms
  3 giant cockroaches
  7 goblins
  9 hobgoblins
  11 jackals
  3 quokkas
  3 frilled lizards
  6 kobolds
  3 rats
130 creatures vanquished.

Notes
Turn   | Place    | Note
-------+----------+-------------------------------------------
     0 | D:1      | LeprechaunX the Octopode Shapeshifter began the quest for
                  | the Orb.
     0 | D:1      | Reached XP level 1. HP: 14/14 MP: 1/1
   134 | D:1      | Reached XP level 2. HP: 19/19 MP: 2/2
   775 | D:1      | Reached XP level 3. HP: 21/24 MP: 3/3
   873 | D:2      | Found a faded altar of an unknown god.
  1166 | D:2      | Reached XP level 4. HP: 30/30 MP: 4/4
  1418 | D:2      | Noticed Sigmund
  1432 | D:2      | Killed Sigmund
  1433 | D:2      | Reached skill level 1 in Polearms
  1433 | D:2      | Reached skill level 4 in Shapeshifting
  1433 | D:2      | Reached XP level 5. HP: 12/36 MP: 5/5
  1433 | D:2      | Reached XP level 6. HP: 15/42 MP: 6/6
  2498 | D:4      | Noticed Ijyb
  2507 | D:4      | Killed Ijyb
  2616 | D:4      | Noticed a black bear
  2619 | D:4      | Killed a black bear
  2758 | D:4      | Found an opulent altar of Gozag.
  2811 | D:4      | Reached XP level 7. HP: 38/46 MP: 7/7
  2840 | D:4      | Became a worshipper of Gozag Ym Sagoz the Greedy
  3049 | D:4      | Identified the +2 leather armour "Vustronn" {Drain rC-
                  | Str+8 Stlth+}
  3150 | D:4      | Found a sparkling altar of Nemelex Xobeh.
  3255 | D:5      | Entered Level 5 of the Dungeon
  3263 | D:5      | Found a glowing golden altar of the Shining One.
  3680 | D:5      | Reached skill level 5 in Shapeshifting
  4305 | D:6      | Reached XP level 8. HP: 41/54 MP: 8/8
  4376 | D:6      | Reached skill level 5 in Unarmed Combat
  4612 | D:6      | Reached skill level 6 in Shapeshifting
  4780 | D:6      | HP: 2/50 [wight/+2 long sword (4)]
  4783 | D:6      | Reached skill level 5 in Fighting
  5056 | D:7      | Found a staircase to the Ecumenical Temple.
  5469 | D:7      | Reached XP level 9. HP: 46/61 MP: 9/9
  5729 | D:7      | HP: 1/61 [orc warrior/+0 dire flail (6)]
  5730 | D:7      | Slain by an orc

Illustrated notes

Levels and vault maps discovered:
D:1:      elethiomel_arrival_maze, layout_basic, minmay_shallow_snake_nest
D:2:      layout_loops_ring, hellmonk_ecumenical_altar_run_dry, uniq_sigmund
D:3:      layout_loops_ring, serial_aquarium, aquarium_bridge_square
          [aquarium_subvault_wall, aquarium_subvault_window,
          aquarium_subvault_wall, aquarium_subvault_bridge],
          aquarium_bridge_island_small [aquarium_subvault_small_open,
          aquarium_subvault_bridge, aquarium_subvault_wall,
          aquarium_subvault_wall, aquarium_subvault_bridge],
          aquarium_window_fake, aquarium_window_1, aquarium_window_1,
          aquarium_window_fake, aquarium_view_2c, aquarium_view_2f,
          aquarium_pool_1
D:4:      layout_basic, nemelex_altar_shiori, mainiacjoe_overflow_boulevard,
          minmay_box_of_dots, uniq_ijyb
D:5:      layout_rooms, lemuel_tele_altar
D:6:      layout_cave_pools, nicolae_twisty_statue_hallways
D:7:      layout_basic, nicolae_ru_awakened_eye,
          minmay_temple_entry_butterflies, dreamdust_princess_corridor

Skill      XL: |  1  2  3  4  5  6  7  8 |
---------------+-------------------------+-----
Unarmed Combat | 3 4 5 |  5.8
Fighting       | 3 4 5 |  5.5
Polearms       | 1 2 3 4 |  4.0
Shapeshifting  | 4 5 6 |  6.9
Dodging        | |  2.0

Action                     |  1- 3 |  4- 6 |  7- 9 || total
---------------------------+-------+-------+-------++-------
  Melee: Unarmed           |    46 |       |       ||    46
         Tentacles         |    11 |    11 |    32 ||    54
         Constrict         |    12 |    20 |    30 ||    62
         Spear             |     9 |   101 |   140 ||   250
         Punch             |       |       |     4 ||     4
  Throw: Dart              |       |       |     1 ||     1
   Stab: Sleeping          |     2 |     8 |     6 ||    16
 Armour: Skin              |     4 |     1 |     2 ||     7
  Dodge: Dodged            |    38 |    21 |    59 ||   118
         Form:             |       |       |     1 ||     1
         Beast             |       |       |     1 ||     1

Table legend: (Time is in decaauts)
 A = Elapsed time spent in this place.
 B = Non-inter-level travel time spent in this place.
 C = Inter-level travel time spent in this place.
 D = Time resting spent in this place.
 E = Time spent auto-exploring this place.
 F = Levels seen in this place.
 G = Mean time per level.
                   A        B        C        D        E       F      G
               +--------+--------+--------+--------+--------+-----+--------+
         Total |   5718 |   5368 |    350 |    675 |   3833 |   7 |  816.9 |
       Dungeon |   5718 |   5368 |    350 |    675 |   3833 |   7 |  816.9 |
               +--------+--------+--------+--------+--------+-----+--------+

Top non-repeatable levels by time:
     D:6: 1110 daAuts
     D:4: 1103 daAuts
     D:1: 871 daAuts
     D:3: 766 daAuts
     D:2: 686 daAuts
     D:5: 627 daAuts
     D:7: 552 daAuts
